 Dungeon Crawl Stone Soup version 0.25.1-8-g42b30a86e7 (webtiles) character file.

Game seed: 17700749781985558194

1965 Arcadio the Spear-Bearer (level 9, -5/64 HPs)
             Began as a Merfolk Monk on Dec 17, 2020.
             Was a Believer of the Shining One.
             Slain by an orc warrior
             ... wielding a +0 dire flail
              (11 damage)
             ... on level 7 of the Dungeon.
             The game lasted 00:25:49 (8115 turns).

Arcadio the Spear-Bearer (Merfolk Monk)             Turns: 8115, Time: 00:25:49

Health: -5/64      AC:  5    Str: 13    XL:     9   Next: 19%
Magic:  9/9        EV: 21    Int: 16    God:    the Shining One [**....]
Gold:   138        SH:  0    Dex: 18    Spells: 8/8 levels left

rFire    . . .     SeeInvis +   f - +3 spear (vorpal)
rCold    . . .     Gourm    .   (no shield)
rNeg     + . .     Faith    .   d - +1 robe of Starshine {Int+7}
rPois    .         Spirit   .   (no helmet)
rElec    .         Reflect  .   s - +0 cloak
rCorr    .         Harm     .   q - +0 pair of gloves
MR       .....                  (no boots)
Stlth    ++........             (no amulet)
HPRegen  0.20/turn              k - ring of stealth
MPRegen  0.11/turn              B - ring of see invisible

@: glowing
A: change form in water, swift swim, stealthy swim
a: Divine Shield, Renounce Religion


You were on level 7 of the Dungeon.
You worshipped the Shining One.
The Shining One was pleased with you.
You were not hungry.

You visited 1 branch of the dungeon, and saw 7 of its levels.

You collected 454 gold pieces.
You spent 316 gold pieces at shops.

Inventory:

Hand Weapons
 a - a +1 dagger of draining
 f - a +3 vorpal spear (weapon)
 p - a +2 dagger of venom
Missiles
 e - 6 poisoned darts (quivered)
 t - 2 javelins
Armour
 b - a +1 robe
 d - the +1 robe of Starshine (worn) {Int+7}
   (You bought it in a shop on level 4 of the Dungeon)

   It affects your intelligence (+7).
 q - a +0 pair of gloves (worn)
 s - a +0 cloak (worn)
 z - a +0 cloak
Jewellery
 k - a ring of stealth (left hand)
 w - an uncursed ring of positive energy
 B - a ring of see invisible (right hand)
Wands
 l - a wand of acid (15)
Scrolls
 m - 3 scrolls of magic mapping
 n - a scroll of enchant armour
 r - 3 scrolls of teleportation
 v - a scroll of amnesia {unknown}
 x - a scroll of remove curse
 y - 2 scrolls of immolation {unknown}
Potions
 g - a potion of haste
 h - a potion of brilliance {unknown}
 i - 2 potions of curing
 o - 2 potions of mutation
 u - a potion of flight
 A - a potion of lignification {unknown}
 D - a potion of degeneration {unknown}
 E - a potion of ambrosia {unknown}
Comestibles
 c - 13 rations
 C - 2 chunks of flesh


   Skills:
 - Level 3.2 Fighting
 + Level 12.2 Polearms
 + Level 11.3 Dodging
 - Level 2.1 Stealth


You had 8 spell levels left.
You didn't know any spells.
Your spell library was empty.

Dungeon Overview and Level Annotations

Branches:
Dungeon (7/15)             Temple (0/1) D:4

Altars:
Fedhas
Gozag
Ru
Trog
Wu Jian
Xom
The Shining One
Jiyva

Shops:
D:4 [   D:6 %

Portals:
Abyss: D:4

Annotations:
D:4 4 transporters, gbos's ghost, amateur GnFi


Message History

You hit the orc warrior but do no damage.
The orc warrior is almost dead.
The orc warrior hits you with a +0 dire flail!!
You barely miss the orc warrior.
The orc warrior is almost dead.
The orc priest mumbles some strange prayers to Beogh against you.
Beogh smites you!
* * * LOW HITPOINT WARNING * * *
You hit the orc warrior but do no damage.
The orc warrior is almost dead.
The orc warrior hits you with a +0 dire flail!
* * * LOW HITPOINT WARNING * * *
You feel much better.
The orc priest calls down the wrath of Beogh upon you.
Beogh smites you!
* * * LOW HITPOINT WARNING * * *
You hit the orc warrior but do no damage.
The orc warrior is almost dead.
The orc warrior hits you with a +0 dire flail!
You die...

#.. #.#.# #.#.# ###
########.#.#.##. ...
.....[..o....... ...
.n....##.#.#.## ##
#####.#..#.# #.#o##†#
#....#@# #..oo#o#
#....#o#
###########.....o#
.......................
###.....###....######F.
#.....# #....(..
#.....###.######
#...........#


You could see an orc warrior, an orc priest and an orc.

Vanquished Creatures
  3 sky beasts
  A necrophage (D:7)
  5 ice beasts
  An ogre (D:6)
  A phantom (D:5)
  A bullfrog (D:6)
  2 crimson imps
  A jelly (D:5)
  4 hounds
  A quasit (D:6)
  3 orc priests
  2 bullfrog skeletons
  An iguana (D:4)
  Jessica (D:2)
  5 orc wizards
  2 worker ants
  A hound skeleton (D:6)
  A worker ant zombie (D:7)
  9 adders
  3 gnolls
  2 howler monkey skeletons
  A shadow imp (D:7)
  An adder zombie (D:6)
  2 adder skeletons
  2 worms (D:2)
  3 dart slugs
  3 leopard geckos
  18 orcs
  2 ball pythons
  8 giant cockroaches
  7 goblins
  5 hobgoblins
  2 quokkas
  12 bats
  4 frilled lizards
  6 kobolds
  A leopard gecko skeleton (D:4)
  2 quokka zombies (D:5)
  6 rats
135 creatures vanquished.

Notes
Turn   | Place    | Note
-------+----------+-------------------------------------------
     0 | D:1      | Arcadio the Merfolk Monk began the quest for the Orb.
     0 | D:1      | Reached XP level 1. HP: 18/18 MP: 1/1
   202 | D:1      | Found a viscous altar of Jiyva.
   202 | D:1      | Noticed a jelly
   202 | D:1      | Noticed a jelly
   202 | D:1      | Noticed a jelly
   202 | D:1      | Noticed a jelly
   203 | D:1      | Reached XP level 2. HP: 24/24 MP: 2/2
   269 | D:1      | Reached skill level 5 in Polearms
   621 | D:1      | Reached XP level 3. HP: 29/29 MP: 3/3
  1347 | D:2      | Reached skill level 5 in Dodging
  1574 | D:1      | Reached XP level 4. HP: 31/35 MP: 4/4
  1589 | D:2      | Reached skill level 6 in Polearms
  2320 | D:2      | Noticed Jessica
  2325 | D:2      | Killed Jessica
  2325 | D:2      | Reached XP level 5. HP: 41/41 MP: 5/5
  4091 | D:4      | Found a sacrificial altar of Ru.
  4094 | D:4      | Reached skill level 7 in Polearms
  4130 | D:4      | Reached XP level 6. HP: 47/47 MP: 6/6
  4133 | D:4      | Found Qaseopla's Antique Armour Shop.
  4141 | D:4      | Bought a glowing cloak for 180 gold pieces
  4165 | D:4      | Found a blossoming altar of Fedhas.
  4167 | D:4      | Noticed a vampire
  4329 | D:4      | Found a staircase to the Ecumenical Temple.
  4347 | D:4      | Found a transporter.
  4367 | D:4      | Found a transporter.
  4625 | D:4      | Found a transporter.
  4646 | D:4      | Noticed an ancient zyme
  4662 | D:4      | Found a transporter.
  4827 | D:4      | Reached skill level 8 in Polearms
  4907 | D:4      | Found a bloodstained altar of Trog.
  4961 | D:4      | Noticed a small abomination
  4970 | D:4      | Found a one-way gate to the infinite horrors of the Abyss.
  4970 | D:4      | Noticed gbos's ghost (amateur GnFi)
  5122 | D:4      | Bought a crude robe for 136 gold pieces
  5132 | D:4      | Identified the cursed +1 robe of Starshine {Int+7} (You
                  | bought it in a shop on level 4 of the Dungeon)
  5149 | D:5      | Entered Level 5 of the Dungeon
  5389 | D:5      | Reached XP level 7. HP: 12/52 MP: 7/7
  5984 | D:5      | Reached skill level 9 in Polearms
  6158 | D:5      | Found an opulent altar of Gozag.
  6532 | D:5      | Found a glowing golden altar of the Shining One.
  6532 | D:5      | Found a shimmering altar of Xom.
  6533 | D:5      | Found an ornate altar of the Wu Jian Council.
  6541 | D:5      | Became a worshipper of the Shining One
  6541 | D:5      | Reached * piety under the Shining One
  6541 | D:5      | Reached ** piety under the Shining One
  6861 | D:6      | Reached XP level 8. HP: 58/58 MP: 8/8
  7006 | D:6      | Reached skill level 10 in Polearms
  7345 | D:6      | Found Soetto's Food Emporium.
  7531 | D:6      | Reached skill level 10 in Dodging
  7583 | D:6      | Reached skill level 11 in Polearms
  7943 | D:7      | Reached XP level 9. HP: 64/64 MP: 9/9
  7990 | D:7      | Reached skill level 12 in Polearms
  8113 | D:7      | HP: 1/64 [orc warrior/+0 dire flail (11)]
  8115 | D:7      | Slain by an orc warrior

Illustrated notes

Levels and vault maps discovered:
D:1:      erik_arrival_cave_to_civilisation [erik_arrival_cave_to_temple],
          layout_basic
D:2:      layout_rooms, uniq_jessica
D:3:      layout_loops_corners, minmay_fractal_squares_diagonal_5
D:4:      layout_basic, lightli_temple_of_fire, gammafunk_temple_overflow_arena,
          minmay_temple_entry_proselytizer, gammafunk_ghost_abyssal_escape,
          serial_shops, shop, nicolae_ru_great_annihilating_truth
D:5:      layout_cave_pods, nicolae_overflow_crystal_walls,
          gammafunk_temple_overflow_forgotten, first_ration
D:6:      minmay_skewed_foursquare, layout_basic, serial_shops,
          kennysheep_mini_moat, kennysheep_generic_room_13
D:7:      layout_basic, old_standard_altar, serial_shops, shop,
          uniq_prince_ribbit1

Skill      XL: |  1  2  3  4  5  6  7  8  9 |
---------------+----------------------------+-----
Polearms       | 5 6 7 8 9 11 12 | 12.2
Dodging        | 5 6 7 9 10 11 | 11.3
Fighting       | |  3.2
Stealth        | |  2.1

Action                   |  1- 3 |  4- 6 |  7- 9 || total
-------------------------+-------+-------+-------++-------
Melee: Spear             |    98 |   238 |   258 ||   594
Throw: Dart              |     5 |    29 |       ||    34
  Use: Scroll            |     2 |    10 |     2 ||    14
       Potion            |       |       |     3 ||     3
 Stab: Sleeping          |    10 |    11 |     3 ||    24
       Paralysed         |       |     1 |       ||     1
  Eat: Chunk             |     2 |    12 |     5 ||    19
       Ration            |       |       |     1 ||     1
Armor: Robe              |     8 |    10 |    26 ||    44
Dodge: Dodged            |    53 |   100 |   126 ||   279
